 Dungeon Crawl Stone Soup version 0.25-a0-425-g0e000e855e (webtiles) character file.

Game seed: 6053594538120565945, levelgen mode: deterministic

135 Kohma the Changer (level 4, -4/36 HPs)
             Began as a Draconian Transmuter on Jan 24, 2020.
             Killed from afar by an orc wizard (8 damage)
             ... with a magic dart
             ... on level 3 of the Dungeon.
             The game lasted 00:07:03 (2698 turns).

Kohma the Changer (Draconian Transmuter)            Turns: 2698, Time: 00:07:03

Health: -4/36      AC:  2    Str: 12    XL:     4   Next: 96%
Magic:  3/7        EV: 19    Int: 14    God:
Gold:   208        SH:  0    Dex: 17    Spells: 1/7 levels left

rFire    . . .     SeeInvis +     - Unarmed
rCold    . . .     Gourm    .   (shield currently unavailable)
rNeg     . . .     Faith    .   (armour unavailable)
rPois    x         Spirit   .   (helmet currently unavailable)
rElec    .         Reflect  .   (cloak currently unavailable)
rCorr    .         Harm     .   (gloves currently unavailable)
MR       .....                  (boots currently unavailable)
Stlth    ++........             (no amulet)
HPRegen  0.12/turn              s - ring of see invisible
MPRegen  0.10/turn              (no ring)

@: spider-form
A: tiny, unfitting armour, AC +5
a: End Transformation


You were on level 3 of the Dungeon.
You were hungry.
You were a venomous arachnid creature.
You visited 1 branch of the dungeon, and saw 3 of its levels.

You collected 208 gold pieces.

Inventory:

Missiles
 a - 25 arrows
 b - 12 poisoned darts (quivered)
 h - 3 atropa-tipped darts
 q - 8 datura-tipped darts
Jewellery
 d - an uncursed ring of see invisible
 s - a ring of see invisible (left front leg)
Wands
 n - a wand of polymorph (5)
Scrolls
 e - a scroll of remove curse {unknown}
 g - 5 scrolls of identify {unknown}
 l - a scroll of fog {unknown}
 m - a scroll of fear {unknown}
 p - 2 scrolls of teleportation {unknown}
 r - a scroll of noise {unknown}
Potions
 f - a potion of agility {unknown}
 i - 2 potions of flight {unknown}
 j - a potion of resistance {unknown}
 o - 2 potions of magic {unknown}
 t - a potion of mutation {unknown}
Comestibles
 c - 6 rations
 k - 3 chunks of flesh


   Skills:
 - Level 2.0 Fighting
 - Level 2.0 Dodging
 - Level 3.0 Unarmed Combat
 - Level 2.0 Spellcasting
 * Level 4.7 Transmutations


You had one spell level left.
You knew the following spells:

 Your Spells              Type           Power        Failure   Level  Hunger
a - Beastly Appendage     Tmut           ##....       11%         1    ##.....
b - Sticks to Snakes      Tmut           ##......     14%         2    ###....
c - Spider Form           Tmut/Pois      #.........   47%         3    ####...

Your spell library contained the following spells:

 Spells                   Type           Power        Failure   Level  Hunger
 Ice Form                 Ice/Tmut       #.......     83%         4    #####..
 Blade Hands              Tmut           ##........   85%         5    ######.


Dungeon Overview and Level Annotations

Branches:
Dungeon (3/15)

Altars:
The Shining One


Innate Abilities, Weirdness & Mutations

((Your plain brown scales are hard. (AC +5)))
You cannot fit into any form of body armour.
((You are cold-blooded and may be slowed by cold attacks.))


Message History

You completely miss the orc wizard.
The orc wizard is moderately wounded.
The orc wizard casts a spell at you. The puff of flame hits you!
* * * LOW HITPOINT WARNING * * *
Casting: Beastly Appendage (safe; 3% risk of failure)
Confirm with . or Enter, or press ? or * to list all spells.
Your horns disappear.
You turn into a venomous arachnid creature.
The orc wizard casts a spell at you. You resist with some effort.
You barely miss the orc wizard.
The orc wizard is moderately wounded.
The orc wizard misses you.
You hit the orc wizard but do no damage.
The orc wizard is poisoned.
The orc wizard is moderately wounded.
The orc wizard casts a spell at you. The magic dart hits you!
You die...

#......<..# ........o.#
..........# .....o..
#.....# #..†).# .##...).#
.........#####
..##.....(os.# #......##.#
#.....(.#.#
#.....###.#############
#.....# #.##..........#
#...?.# #.##..÷.......#
#.....###.............# .
#......................##.
#.###########.............


You could see an orc wizard (invisible).

Vanquished Creatures
  Natasha (D:3)
  Ijyb (D:2)
  2 adders
  2 oozes
  3 worms (D:2)
  2 leopard geckos
  3 orcs (D:3)
  A giant cockroach (D:2)
  5 goblins
  6 hobgoblins
  A jackal (D:2)
  3 kobolds
  A quokka (D:2)
  A ball python (D:2)
  3 bats
  3 frilled lizards
  7 rats
45 creatures vanquished.

Vanquished Creatures (collateral kills)
  5 goblins (D:2)
  2 jackals (D:2)
  A kobold (D:1)
  A bat (D:2)
  A frilled lizard (D:1)
  A rat (D:1)
11 creatures vanquished.

Grand Total: 56 creatures vanquished

Notes
Turn   | Place    | Note
-------+----------+-------------------------------------------
     0 | D:1      | Kohma the Draconian Transmuter began the quest for the Orb.
     0 | D:1      | Reached XP level 1. HP: 16/16 MP: 3/3
   132 | D:1      | Found a glowing golden altar of the Shining One.
   419 | D:1      | Reached XP level 2. HP: 19/23 MP: 1/5
   425 | D:1      | Learned a level 2 spell: Sticks to Snakes
  1537 | D:2      | Reached XP level 3. HP: 29/29 MP: 2/6
  1591 | D:2      | Reached skill level 3 in Transmutations
  1918 | D:2      | Noticed Ijyb
  1935 | D:2      | Killed Ijyb
  1935 | D:2      | Reached XP level 4. HP: 36/36 MP: 1/7
  2088 | D:2      | Reached skill level 4 in Transmutations
  2405 | D:2      | Learned a level 3 spell: Spider Form
  2495 | D:3      | Noticed Natasha
  2504 | D:3      | Killed Natasha
  2698 | D:3      | Killed from afar by an orc wizard

Levels and vault maps discovered:
D:1:      saegor_arrival_simple_b, layout_basic, chequers_serial_rivers_large_b,
          tso_metal_star
D:2:      kennysheep_the_goblin_king, layout_basic
D:3:      layout_basic, uniq_natasha

Skill      XL: |  1  2  3  4 |
---------------+-------------+-----
Dodging        | 2 |  2.0
Fighting       | 2 |  2.0
Transmutations | 3 4 |  4.7
Unarmed Combat | |  3.0
Spellcasting   | |  2.0

Action                   |  1- 3 |  4- 6 || total
-------------------------+-------+-------++-------
Melee: Unarmed           |   100 |    69 ||   169
       Kick              |     9 |       ||     9
       Tailslap          |     5 |     5 ||    10
       Headbutt          |     4 |     4 ||     8
       Punch             |     1 |       ||     1
Throw: Dart              |       |    13 ||    13
 Cast: Beastly Appendage |    15 |     7 ||    22
       Sticks to Snakes  |    11 |       ||    11
       Spider Form       |       |     3 ||     3
  Eat: Chunk             |     4 |     3 ||     7
Armor: Skin              |    38 |    18 ||    56
Dodge: Dodged            |    97 |    31 ||   128

Table legend:
 A = Non-vault XP
 B = Vault XP
 C = Vault XP percentage of total XP
 D = Non-vault monster count
 E = Vault monster count
 F = Vault count percentage of total count
                 A         B        C        D         E       F
            +---------+---------+-------+---------+---------+-------
      Total |     119 |      74 |  38.3 |      48 |       8 |  14.3
            +---------+---------+-------+---------+---------+-------
        D:1 |      29 |       0 |   0.0 |      17 |       0 |   0.0
        D:2 |      61 |      39 |  39.0 |      22 |       7 |  24.1
        D:3 |      29 |      35 |  54.7 |       9 |       1 |  10.0
            +---------+---------+-------+---------+---------+-------
